AoeStats
← cgan13289

Arena

510516246Analyzed
4v4 RM · 2d ago on Oct 1, 2026· 28m 54s· 8 players
Game mode
Random Map
Map size
Large (8 player)
Population
200
Speed
Normal
Resources
Standard
Victory
Conquest
Starting age
Dark Age
Ending age
Imperial Age
RankedLock teamsTeams togetherTeam positionsShared explorationLock speedFull tech treeHidden civsTurbo modeCheats
Victory
Defeat
🇯🇵 Poles · Japan
1434
+13
🇪🇸 Italians · Spain
1329
+17
🇮🇳 Saracens · India
1311
+18
🇯🇵 Bulgarians · Japan
1257
+20
🇹🇼 Aztecs · Taiwan
1392
-19
🇹🇼 Saxons · Taiwan
1385
-18
🇨🇳 Spanish · China
1336
-16
🇹🇼 Persians · Taiwan
1299
-15
wuxiaobin_CHN
10:54 Feudal Age
10:49 Loom
14:36 Castle Age
12:37 Horse Collar
12:45 Double-Bit Axe
cgan13289
10:15 Feudal Age
11:36 Double-Bit Axe
12:03 Horse Collar
14:27 Castle Age
15:20 Bow Saw
15:19 Gold Mining
16:06 Scale Mail Armor
16:53 Gambesons
18:02 Chain Mail Armor
19:48 Forging
20:13 Loom
21:37 Squires
21:25 Arson
22:51 Wheelbarrow
22:44 Stone Mining
25:00 Fletching
989
11:28 Feudal Age
12:12 Double-Bit Axe
13:06 Horse Collar
15:29 Castle Age
18:29 Wheelbarrow
19:06 Bow Saw
21:55 Loom
22:59 Gold Mining
23:00 Stone Mining
24:17 Hand Cart
28:30 Imperial Age
26:32 Forging
26:27 Scale Barding Armor
28:06 Gold Shaft Mining
28:30 Chain Barding Armor
28:46 Iron Casting
29:08 Conscription
28:31 Cavalier
29:22 Bloodlines
29:13 Husbandry
荒野一條蟲
11:23 Feudal Age
14:53 Castle Age
12:40 Loom
14:56 Castle Age
13:35 Double-Bit Axe
13:31 Horse Collar
13:59 Gold Mining
16:55 Bow Saw
18:02 Sanctity
22:50 Redemption
23:24 Gold Shaft Mining
24:10 Fervor
25:18 Herbal Medicine
27:14 Heavy Plow
28:15 Wheelbarrow
snek_fan
9:38 Feudal Age
13:44 Castle Age
12:16 Double-Bit Axe
12:24 Horse Collar
19:31 Forging
20:29 Loom
23:11 Wheelbarrow
24:53 Iron Casting
25:10 Bow Saw
25:04 Gold Mining
27:18 Hand Cart
27:35 Fletching
29:20 Scale Barding Armor
29:46 Ballistics
KJI
10:15 Feudal Age
13:48 Castle Age
13:00 Stone Mining
13:33 Double-Bit Axe
13:39 Loom
15:23 Horse Collar
15:50 Fletching
22:00 Wheelbarrow
23:28 Bodkin Arrow
24:40 Scale Barding Armor
25:44 Gold Mining
Aspirante
9:08 Feudal Age
11:45 Double-Bit Axe
12:30 Gold Mining
14:06 Horse Collar
22:58 Wheelbarrow
23:01 Stone Mining
27:52 Loom
hirai
10:35 Feudal Age
11:36 Double-Bit Axe
14:34 Castle Age
12:45 Horse Collar
16:07 Heavy Plow
16:21 Bow Saw
21:03 Wheelbarrow
21:03 Stone Mining
22:07 Loom
22:42 Hand Cart
24:47 Gold Mining
25:36 Forging
25:32 Scale Barding Armor
26:37 Iron Casting
26:31 Szlachta Privileges
29:01 Imperial Age
26:17 Town Watch
27:13 Husbandry
27:33 Bloodlines
28:17 Chain Barding Armor
Connection lost

Rejoining the realm…

Still unreachable

The connection could not be restored.

Session expired

The server has moved on; the page needs a fresh start.